 Dungeon Sprint DCSS version 0.31-a0-986-g5e6e4ef867 (webtiles) character file.

Game seed: 9705794702030147000

28 rocky1 the Ruffian (level 3, 0/28 HPs)
             Began as a Draconian Shapeshifter on Nov 9, 2023.
             Was an Initiate of Gozag.
             Slain by a black bear (4 damage)
             ... in the Dungeon (Sprint VII: "The Pits").
             The game lasted 00:00:52 (269 turns).

rocky1 the Ruffian (Draconian Shapeshifter)          Turns: 269, Time: 00:00:53

Health: 0/28       AC:  5    Str: 16    XL:     3   Next: 0%
Magic:  3/3        EV: 12    Int: 10    God:    Gozag
Gold:   432        SH:  0    Dex: 12    Spells: 2/2 levels left

rFire   . .          .
                       - Unarmed
rCold   . . .        (no shield)
rNeg    . . .        (body armour unavailable)
rPois   .            (helmet currently unavailable)
rElec   .            (cloak currently unavailable)
rCorr   .            (gloves currently unavailable)
SInv    .            (boots currently unavailable)
Will    .....        (no amulet)
Stlth   +            (no ring)
HPRegen 0.24/turn    (no ring)
MPRegen 0.08/turn

%: no teleportation
@: beast-form
A: beast (slay +2), AC +5, unfitting armour, cold-blooded
a: Begin Untransformation, Renounce Religion, Potion Petition, Call Merchant,
Bribe Branch


You were in the Dungeon.
You worshipped Gozag.
Gozag was aware of your devotion.
You were a hulking beast.
You visited 1 branch You collected 432 gold pieces.

Inventory:

Talismans
 b - a beast talisman
 c - a flux talisman
Scrolls
 i - a scroll of blinking
 k - 2 scrolls of vulnerability
 l - 5 scrolls of amnesia
 m - a scroll of butterflies
Potions
 a - a potion of lignification
 d - 6 potions of curing
 e - 5 potions of heal wounds
 f - a potion of haste
 g - 4 potions of magic
 h - 3 potions of berserk rage
 j - 2 potions of invisibility


   Skills:
 + Level 1.1 Fighting
 + Level 2.2 Dodging
 * Level 5.1 Unarmed Combat
 + Level 4.7 Shapeshifting


You had 2 spell levels left.
You didn't know any spells.
Your spell library was empty.

Dungeon Overview and Level Annotations

Branches:
Dungeon (1/1)

Altars:
Ashenzari
Cheibriados
Dithmenos
Elyvilon
Fedhas
Gozag
Hepliaklqana
Kikubaaqudgha
Makhleb
Nemelex Xobeh
Okawaru
Qazlal
Ru
Sif Muna
Trog
Uskayaw
Vehumet
Wu Jian
Xom
Yredelemnul
Zin
The Shining One
Jiyva
Lugonu


Innate Abilities, Weirdness & Mutations

You are a hulking beast.
Your limbs bulge with bestial killing power. (Slay +2)
Your plain brown scales are hard. (AC +5)
You cannot fit into any form of body armour.
You are cold-blooded and may be slowed by cold attacks.


Message History

There is an open door here.
There is an open door here.
Items here: ( )) [.
There is an open door, spattered with blood here.
You see here a +0 dagger.
You see here a +0 spear.
There is an open door, spattered with blood here.
You open the door.
There is an open door here.
You open the door.
A jelly and a black bear come into view.
The black bear growls angrily.
You hear an angry growl.
There is an open door here.
Okay, then.
You hit the black bear but do no damage.
The black bear barely misses you. The black bear misses you.
The black bear claws you.
A black bear comes into view.
You punch the black bear!
The black bear is heavily wounded.
The black bear bites you. The black bear closely misses you.
The black bear claws you.
You completely miss the black bear.
The black bear is heavily wounded.
The black bear bites you. The black bear claws you. The black bear misses you.
You barely miss the black bear.
You tail-slap the black bear, but do no damage.
The black bear is heavily wounded.
The black bear closely misses you. The black bear barely misses you.
The black bear claws you.
You punch the black bear!
The black bear is almost dead.
The black bear goes berserk!
You hit the black bear but do no damage.
The black bear is severely wounded.
The black bear misses you. The black bear claws you.
* * * LOW HITPOINT WARNING * * *
The black bear claws you.
You die...
Your body crumbles into a pile of gold.

#..........)'.....
#'#####'#####.....
#.#...#)#[[##.....
#.#...#.#))#####'#
#.#...).#))##.....
#.##)####))##.....
#.#.....#..##.....
#.#.....#'###...<.
#h#........##.....
#h#........##.....
#'###########.....
#h.....J# ######
#.###...# #.# .#
#.# #.. #..


You could see 2 black bears.

Vanquished Creatures
  A gnoll (D)
  An adder (D)
  An orc (D)
  A goblin (D)
  A hobgoblin (D)
  2 kobolds (D)
  A ball python zombie (D)
  A rat (D)
9 creatures vanquished.

Notes
Turn   | Place    | Note
-------+----------+-------------------------------------------
     0 | D        | rocky1 the Draconian Shapeshifter began the quest for the
                  | Orb.
     0 | D        | Reached XP level 1. HP: 16/16 MP: 1/1
    20 | D        | Found a bloodstained altar of Trog.
    20 | D        | Found a shimmering blue altar of Sif Muna.
    20 | D        | Found a viscous altar of Jiyva.
    20 | D        | Found a hazy altar of Hepliaklqana.
    20 | D        | Found an opulent altar of Gozag.
    21 | D        | Found a glowing golden altar of the Shining One.
    21 | D        | Found a glowing silver altar of Zin.
    21 | D        | Found a basalt altar of Yredelemnul.
    21 | D        | Found a shimmering altar of Xom.
    21 | D        | Found an ornate altar of the Wu Jian Council.
    21 | D        | Found a sacrificial altar of Ru.
    21 | D        | Found a stormy altar of Qazlal.
    21 | D        | Found an iron altar of Okawaru.
    21 | D        | Found a sparkling altar of Nemelex Xobeh.
    21 | D        | Found a burning altar of Makhleb.
    21 | D        | Found a blossoming altar of Fedhas.
    21 | D        | Found a white marble altar of Elyvilon.
    21 | D        | Found a shadowy altar of Dithmenos.
    21 | D        | Found a snail-covered altar of Cheibriados.
    25 | D        | Found a corrupted altar of Lugonu.
    25 | D        | Found a radiant altar of Vehumet.
    26 | D        | Found a broken altar of Ashenzari.
    26 | D        | Found an ancient bone altar of Kikubaaqudgha.
    26 | D        | Found a hide-covered altar of Uskayaw.
    28 | D        | Became a worshipper of Gozag Ym Sagoz the Greedy
    74 | D        | Reached skill level 4 in Unarmed Combat
    74 | D        | Reached XP level 2. HP: 23/23 MP: 2/2
   211 | D        | Reached skill level 5 in Unarmed Combat
   212 | D        | Reached XP level 3. HP: 23/28 MP: 3/3
   256 | D        | Noticed a black bear
   264 | D        | Noticed a black bear
   269 | D        | Slain by a black bear

Illustrated notes

Levels and vault maps discovered:
D:        pitsprint [storerooms_1, entrance_room_1, metal_vault_3, armoury_2,
          mini_pit_1, grid_room_1, main_hall_1, silver_pit, the_coven_3,
          the_vestibule_1, steel_vault_4, golden_pit, hallway_of_sentries,
          crystal_vault_6, iron_vault_1, final_vault]

Skill      XL: |  1  2 |
---------------+-------+-----
Dodging        | 2 |  2.2
Unarmed Combat | 4 5 |  5.1
Shapeshifting  | 4 |  4.7
Fighting       | |  1.1

Action                     || total
---------------------------++-------
  Melee: Unarmed           ||    35
         Tailslap          ||     5
         Punch             ||     1
    Use: Potion            ||     1
 Armour: Skin              ||    22
  Dodge: Dodged            ||    19

Table legend: (Time is in decaauts)
 A = Elapsed time spent in this place.
 B = Non-inter-level travel time spent in this place.
 C = Inter-level travel time spent in this place.
 D = Time resting spent in this place.
 E = Time spent auto-exploring this place.
 F = Levels seen in this place.
 G = Mean time per level.
                   A        B        C        D        E       F      G
               +--------+--------+--------+--------+--------+-----+--------+
         Total |    266 |    249 |     17 |    107 |      0 |   1 |  266.0 |
       Dungeon |    266 |    249 |     17 |    107 |      0 |   1 |  266.0 |
               +--------+--------+--------+--------+--------+-----+--------+

Top non-repeatable levels by time:
       D: 266 daAuts
